 Dungeon Crawl Stone Soup version bcrawl-1.41 (webtiles) character file.

Game seed: 14701908039595256138

259652 denf the Digger (level 7, -5/38 HPs)
             Began as a Gargoyle Earth Elementalist on Apr 4, 2024.
             Was an Initiate of Vehumet.
             Engulfed by a cloud of flame (16 damage)
             ... on level 4 of the Dungeon.
             The game lasted 00:13:36 (2419 turns).

denf the Digger (Gargoyle Earth Elementalist)       Turns: 2419, Time: 00:13:37

Health: -5/38      AC:  8    Str: 17    XL:     7   Next: 14%
Magic:  8/13       EV: 12    Int: 17    God:    Vehumet [......]
Gold:   252        SH:  0    Dex: 10    Spells: 13/14 levels left

rFire    . . .     GDR:     32% o - +1 mace (crush)
rCold    . . .     SeeInvis .   (no shield)
rNeg     + . .     Gourm    .   c - +0 robe
rPois    ∞         Faith    .   (no helmet)
rElec    +         Spirit   .   f - +0 cloak
rCorr    .         Reflect  .   h - +0 pair of gloves
MR       .....                  (no boots)
Stlth    ++........             (no amulet)
HPRegen  0.16/turn              d - +5 ring of strength
MPRegen  0.13/turn              (no ring)

@: no status effects
A: negative energy resistance 1, electricity resistance, partial torment
resistance, unbreathing, petrification resistance, rot immunity, AC +4
a: Renounce Religion


You were on level 4 of the Dungeon.
You worshipped Vehumet.
Vehumet was noncommittal.
You were not hungry.

You visited 1 branch of the dungeon, and saw 4 of its levels.

You collected 252 gold pieces.

Inventory:

Hand Weapons
 m - a +0 dagger
 o - a +1 mace of crushing (weapon)
 u - a +2 spear of venom
 w - a +3 falchion of electrocution
Missiles
 b - 88 stones (quivered)
 j - 635 sling bullets
 l - 53 poisoned needles
Armour
 c - a +0 robe (worn)
 f - a +0 cloak (worn)
 h - a +0 pair of gloves (worn)
Jewellery
 d - a +5 ring of strength (left hand)
 r - a cursed +7 ring of intelligence
Scrolls
 a - a scroll of noise {unknown}
 i - a scroll of identify
 k - 2 scrolls of amnesia
 p - a scroll of fog {unknown}
 q - 2 scrolls of revelation {unknown}
 s - 2 scrolls of teleportation {unknown}
 t - a scroll of fear {unknown}
 v - a scroll of immolation {unknown}
Potions
 g - a potion of degeneration {unknown}
Comestibles
 e - 9 rations {!d}
 n - 3 chunks of flesh


   Skills:
 + Level 1.0 Fighting
 + Level 1.9 Maces & Flails
 + Level 2.0 Dodging
 + Level 2.8 Stealth
 + Level 1.0 Unarmed Combat
 + Level 4.3 Spellcasting
   Level 0.7 Transmutations
 + Level 6.8 Earth Magic


You had 13 spell levels left.
You knew the following spells:

 Your Spells              Type           Power        Failure   Level  Hunger
a - Sandblast             Erth           ####..       1%          1    None

Your spell library contained the following spells:

 Spells                   Type           Power        Failure   Level  Hunger
 Passwall                 Tmut/Erth      ###.....     4%          2    None
 Stone Arrow              Conj/Erth      ###...       12%         3    ###....
 Lee's Rapid Deconstruct  Erth           ####......   26%         5    ######.
 Petrify                  Tmut/Erth      ###.......   32%         4    #####..


Dungeon Overview and Level Annotations

Branches:
Dungeon (4/12)
 Temple: D:4-7

Altars:
Nemelex Xobeh
Ru
Vehumet


Innate Abilities, Weirdness & Mutations

You are resistant to torment.
Your stone body is resilient. (AC +4)
You are immune to poison.
You resist negative energy. (rN+)
You are resistant to electric shocks. (rElec)
You are less affected by unholy pain and torment.
You can survive without breathing.
You are immune to petrification.
You are immune to rotting.


Message History

The blast of sand hits the quokka skeleton!
You destroy the quokka skeleton!
b - 88 stones
j - 635 sling bullets (gained 252)
e - 9 rations {!d} (gained 1)
You see here 131 poisoned tomahawks.
You see here 131 poisoned tomahawks.
Really walk into a travel-excluded area?
A leopard gecko comes into view.
Really walk into that cloud of flame?
A howler monkey comes into view.
You are engulfed in blazing flames.
Ouch! That really hurt!
* * * LOW HITPOINT WARNING * * *
The leopard gecko hisses angrily.
There is a radiant altar of Vehumet here.
You kneel at the altar of Vehumet.
Vehumet welcomes you!
You are engulfed in blazing flames.
You die...

######.†.).<..#
.#####........#
.....#........#
#.#.#........#
###..#........####
.....#####.......#
#.....##.......#
#.☼☼...........#
#..@.§#......###
#.○.○......#.###
#....○###..(...###
#.........#........#
#.##.#.........+......
#h #.#...###.###...###
# #...l.#...# ...#
###.?.#.### ..# ### #.
###


You could see a howler monkey (sleeping) and a leopard gecko.

Vanquished Creatures
  An ogre (D:4)
  A hound (D:3)
  3 orc wizards
  Jessica (D:2)
  An iguana (D:3)
  3 worker ants
  6 adders
  A shadow imp (D:3)
  An ooze (D:3)
  2 worms (D:2)
  4 dart slugs
  6 leopard geckos
  12 orcs
  2 bats (D:1)
  2 giant cockroaches
  4 goblins
  9 hobgoblins
  A jackal (D:2)
  2 quokkas (D:4)
  6 frilled lizards
  12 kobolds
  A quokka skeleton (D:4)
  2 rats (D:1)
83 creatures vanquished.

Vanquished Creatures (others)
  A hound skeleton (D:4)
  An adder skeleton (D:4)
2 creatures vanquished.

Grand Total: 85 creatures vanquished

Notes
Turn   | Place    | Note
-------+----------+-------------------------------------------
     0 | D:1      | denf the Gargoyle Earth Elementalist began the quest for
                  | the Orb.
     0 | D:1      | Reached XP level 1. HP: 10/10 MP: 3/3
    91 | D:1      | Reached skill level 4 in Earth Magic
   105 | D:1      | Reached XP level 2. HP: 15/15 MP: 0/5
   443 | D:1      | Reached XP level 3. HP: 19/19 MP: 4/6
   857 | D:2      | Found a sacrificial altar of Ru.
   857 | D:2      | Noticed Jessica
   866 | D:2      | Reached XP level 4. HP: 12/24 MP: 1/9
   873 | D:2      | Killed Jessica
   874 | D:2      | Reached skill level 5 in Earth Magic
  1063 | D:2      | Reached XP level 5. HP: 12/28 MP: 2/10
  1606 | D:3      | Reached XP level 6. HP: 22/33 MP: 1/11
  1616 | D:3      | Reached skill level 6 in Earth Magic
  2052 | D:3      | Found a sparkling altar of Nemelex Xobeh.
  2130 | D:4      | Reached skill level 1 in Maces & Flails
  2151 | D:4      | Reached skill level 1 in Fighting
  2357 | D:4      | Reached XP level 7. HP: 33/38 MP: 11/13
  2388 | D:4      | Found a radiant altar of Vehumet.
  2419 | D:4      | Became a worshipper of Vehumet
  2419 | D:4      | Engulfed by a cloud of flame

Skill      XL: |  1  2  3  4  5  6 |
---------------+-------------------+-----
Earth Magic    | 4 5 6 |  6.8
Spellcasting   | 3 4 |  4.3
Maces & Flails | 1 |  1.9
Fighting       | 1 |  1.0
Dodging        | 2 |  2.0
Stealth        | |  2.8
Unarmed Combat | |  1.0
Transmutations | |  0.7

Action                   |  1- 3 |  4- 6 |  7- 9 || total
-------------------------+-------+-------+-------++-------
Melee: Unarmed           |     7 |       |       ||     7
       Mace              |     7 |    68 |     1 ||    76
Throw: Stone             |     4 |     2 |       ||     6
 Cast: Sandblast         |    36 |    63 |    11 ||   110
  Use: Scroll            |     1 |     4 |       ||     5
  Eat: Ration            |     2 |     1 |       ||     3
Armor: Robe              |     7 |    48 |     1 ||    56
Dodge: Dodged            |     9 |    66 |     4 ||    79
